Map: Moondance

Players

A.I. 1 (Very Easy)

  • Race: Zerg Zerg
  • Spawn Location: 6:00

lorimbo - Winner!

  • Race: Zerg Zerg
  • League: Master
  • Spawn Location: 12:00

VOD

Have the link to the VOD?

Description

Time

  • Played on: Jan. 16, 2023, 3:54 p.m.
  • Length: 6:46
Show
View Real Time Build Order
Export as new Build Order

A.I. 1 (Very Easy) Zerg 

Build Orders: Pool Only 

Get SALT Encoding   

  12  0:00  Drone  
  13  0:12  Overlord  
  13  0:16  Drone  
  14  0:35  Spawning Pool  
  14  0:37  Extractor  
  14  0:39  Drone  
  13  0:46  Drone  
  14  0:51  Overlord  
  14  1:22  Queen  
  14  1:23  Zergling x2  
  17  1:31  Roach Warren  
  16  1:34  Drone  
  16  1:37  Extractor  
  16  1:41  Drone  
  17  1:49  Zergling x2  
  18  2:01  Drone  
  19  2:08  Drone  
  20  2:15  Zergling x2  
  20  2:17  Drone  
  22  2:27  Overlord  
  22  2:31  Drone  
  23  2:38  Drone  
  23  2:42  Roach  
  26  2:45  Drone  
  27  6:15  Zergling x2  
  23  6:30  Drone  
Show
View Real Time Build Order
Export as new Build Order

lorimbo Zerg - Winner!

Build Orders: Hatch First 

Get SALT Encoding   

  12  0:00  Drone  
  13  0:13  Overlord  
  13  0:16  Drone  
  14  0:31  Drone x2  
  16  0:48  Hatchery  
  15  0:52  Drone  
  15  0:55  Drone  
  17  0:58  Drone  
  18  1:09  Extractor  
  17  1:14  Spawning Pool  
  17  1:17  Drone  
  17  1:21  Drone  
  18  1:29  Drone  
  19  1:44  Drone  
  20  1:52  Overlord  
  20  2:00  Queen x2  
  24  2:03  Zergling x4  
  26  2:10  Drone  
  26  2:12  Drone  
  26  2:14  Metabolic Boost  
  28  2:21  Drone  
  28  2:22  Drone  
  30  2:34  Drone x2  
  32  2:39  Hatchery  
  31  2:46  Overlord, Drone  
  32  2:52  Queen  
  32  2:55  Drone  
  32  2:57  Drone  
  36  3:05  Drone  
  37  3:06  Drone  
  38  3:13  Overlord  
  38  3:15  Drone x3  
  38  3:17  Drone  
  42  3:26  Overlord, Queen  
  46  3:41  Roach Warren  
  46  3:44  Extractor, Drone x3  
  46  3:45  Extractor  
  46  3:47  Drone x2  
  48  3:48  Evolution Chamber  
  48  3:52  Lair  
  48  3:53  Drone x3  
  48  3:58  Drone x2  
  48  4:02  Drone  
  51  4:07  Spore Crawler  
  50  4:16  Spore Crawler, Zergling x2  
  51  4:17  Zergling x10  
  51  4:21  Overlord  
  55  4:25  Zerg Missile Weapons Level 1  
  55  4:38  Roach  
  55  4:39  Roach  
  55  4:40  Roach x3  
  55  4:41  Overlord  
  65  4:51  Glial Reconstitution  
  65  4:53  Overlord x2  
  65  5:01  Roach x4  
  73  5:10  Overlord x2  
  73  5:13  Roach  
  73  5:14  Roach  
  77  5:19  Roach x2  
  81  5:23  Roach x2  
  81  5:27  Roach  
  81  5:28  Roach  
  89  5:33  Roach x2  
  93  5:37  Roach  
  95  5:43  Roach x2  
  95  5:49  Roach  
  103  5:50  Roach x2  
  103  5:57  Overlord x2  
  105  6:11  Overlord  
  105  6:17  Roach x3  
  105  6:18  Roach x4  
  117  6:24  Roach x2  
Tags
 
League
Master
Matchup
ZvZ
Race
Zerg
Spawn Locations
Cross Positions
Add a new tag
Caveats
  • Supply blocks, unpowered buildings, or Contaminate may cause inaccurate times.
  • Supply counts are checked every 10 seconds.